 Dungeon Crawl Stone Soup version 0.31.0-32-g396128a36d (webtiles) character file.

Game seed: 7696902829520506494

3219 Doomgape the Blocker (level 9, -1/72 (74) HPs)
             Began as a Gnoll Fighter on Mar 8, 2024.
             Was an Initiate of Gozag.
             Slain by a wight
             ... wielding a +3 mace
              (7 damage)
             ... on level 7 of the Dungeon.
             The game lasted 00:18:56 (7163 turns).

Doomgape the Blocker (Gnoll Fighter)                Turns: 7163, Time: 00:18:57

HP:   -1/72 (74)    AC: 15    Str: 25    XL:     9   Next: 97%
MP:   16/16         EV: 10    Int:  7    God:    Gozag
Gold: 282           SH:  6    Dex: 13    Spells: 17/17 levels left

rFire   + . .        k - +0 whip (venom)
rCold   . . .        c - +0 buckler
rNeg    . . .        t - +1 chain mail
rPois   .            (no helmet)
rElec   .            d - +2 cloak
rCorr   .            (no gloves)
SInv    .            (no boots)
Will    .....        (no amulet) Stlth
                     g - +6 ring of strength
HPRegen 0.32/turn    l - ring of protection from fire
MPRegen 0.15/turn

%: no passive effects
@: lethally poisoned (-1 -> -2), gold aura, lightly drained
A: fangs 1, strong nose, distributed training
a: Renounce Religion, Potion Petition, Call Merchant, Bribe Branch


You were on level 7 of the Dungeon.
You worshipped Gozag.
Gozag was aware of your devotion.
You visited 2 branches of the dungeon, and saw 9 of its levels.
You also visited: Sewer.

You collected 481 gold pieces.
You spent 90 gold pieces at shops.
You paid 109 gold pieces to Gozag.

Inventory:

Hand Weapons
 a - a +0 flail
 k - a +0 whip of venom (weapon)
Armour
 c - a +0 buckler (worn)
 d - a +2 cloak (worn)
 t - a +1 chain mail (worn)
Jewellery
 g - a +6 ring of strength (left hand)
 l - a ring of protection from fire (right hand)
Wands
 p - a wand of flame (11)
 r - a wand of iceblast (9)
 u - a wand of polymorph (19)
 x - a wand of quicksilver (7)
 C - a wand of paralysis (9)
Scrolls
 e - 2 scrolls of poison
 f - 2 scrolls of fear
 o - a scroll of identify
 y - a scroll of blinking
Potions
 b - 2 potions of mutation
 h - a potion of resistance {unknown}
 i - 3 potions of lignification {unknown}
 q - a potion of ambrosia
 v - 3 potions of curing
 w - a potion of haste {unknown}
 z - a potion of attraction
 A - a potion of heal wounds
 B - 2 potions of enlightenment


   Skills:
 + Level 8.3 Fighting
 + Level 4.9 Short Blades
 + Level 4.9 Long Blades
 + Level 4.9 Axes
 + Level 6.8 Maces & Flails
 + Level 4.9 Polearms
 + Level 4.9 Staves
 + Level 4.9 Ranged Weapons
 + Level 4.9 Throwing
 + Level 8.3 Armour
 + Level 4.9 Dodging
 + Level 4.9 Stealth
 + Level 8.3 Shields
 + Level 4.9 Unarmed Combat
 + Level 4.9 Spellcasting
 + Level 4.1 Conjurations
 + Level 4.1 Hexes
 + Level 4.1 Summonings
 + Level 4.1 Necromancy
 + Level 4.1 Translocations
 + Level 4.1 Fire Magic
 + Level 4.1 Ice Magic
 + Level 4.1 Air Magic
 + Level 4.1 Earth Magic
 + Level 4.1 Alchemy
 + Level 5.4 Invocations
 + Level 4.9 Evocations
 + Level 4.5 Shapeshifting


You had 17 spell levels left.
You didn't know any spells.
Your spell library contained the following spells:

 Spells                   Type           Power      Damage    Failure   Level
 Static Discharge         Conj/Air       14%        3-4/arc   36%         2
 Airstrike                Air            3%         2d(1-17)  95%         4
 Summon Lightning Spire   Summ/Air       7%         N/A       95%         4


Dungeon Overview and Level Annotations

Branches:
Dungeon (8/15)             Temple (1/1) D:7           Sewer (visited)
   Lair: D:8-11

Altars:
Ashenzari
Cheibriados
Dithmenos
Elyvilon
Fedhas
Gozag
Kikubaaqudgha
Makhleb
Nemelex Xobeh
Okawaru
Ru
Sif Muna
Trog
Uskayaw
Vehumet
Wu Jian
Xom
Yredelemnul
Zin
The Shining One

Annotations:
D:7 2 transporters, nitefall's ghost, novice MiFi


Innate Abilities, Weirdness & Mutations

You have very sharp teeth.
Your uncanny sense of smell can sniff out nearby items.
Your experience applies equally to all skills.


Message History

You miss the killer bee.
The killer bee is no longer distracted by gold.
The killer bee buzzes angrily.
The killer bee is heavily wounded.
You feel sick. The killer bee stings you! You block the killer bee's attack.
You miss the killer bee. Your bite misses the killer bee.
The killer bee is heavily wounded.
You feel sick.
You are no longer poisoned.
The killer bee closely misses you. x2
You closely miss the killer bee.
The killer bee is severely wounded.
The killer bee stings you.
You barely miss the killer bee.
The killer bee is severely wounded.
The killer bee stings you.
You are poisoned.
The killer bee poisons you!
The killer bee stings you but does no damage.
You hit the killer bee.
You kill the killer bee!
You feel sick.
You hit the wight but do no damage.
You feel sick. The wight hits you with a +3 mace!
* * * LOW HITPOINT WARNING * * *
You barely miss the wight.
You feel sick.
You whack the wight!
The wight is heavily damaged.
You feel sick. The wight barely misses you.
You barely miss the wight.
The wight is heavily damaged.
You feel sick. The wight hits you with a +3 mace!
* * * LOW HITPOINT WARNING * * *
You feel drained.
* * * LOW HITPOINT WARNING * * *
You hit the wight. Your bite misses the wight.
The wight is severely damaged.
The wight hits you with a +3 mace!
You die...
Your body crumbles into a pile of gold.

####.##..........##.
###...#.#......#.###
####..................
#..............###.###
####.##...>..#.#.####....
#................####)###
#.##.###..##.....####.#
#.##.###z###>.........#
#.##.###@###[....######
#.##.###.........####
#####.##.###.###.###.########
#.....##.....###<......).....
#.##########.###.###..#######
#.# ###..........#######
#.############...###........#
#............#.### ##.#####..
############.#)######.#######


You could see a wight.

Vanquished Creatures
  Prince Ribbit (D:8)
  3 yaks (D:8)
  Menkaure (D:7)
  2 water moccasins
  Duvessa (D:7)
  2 black bears
  2 ice beasts
  A sky beast (D:6)
  2 ogres (D:7)
  A centaur (D:7)
  A kobold brigand (Sewer)
  4 phantoms
  A scorpion (D:5)
  3 wights
  Dowan (D:7)
  3 killer bees (D:7)
  An electric eel (D:6)
  A bombardier beetle (D:6)
  A jelly (D:3)
  2 hounds
  An orc priest (D:4)
  3 sleepcaps
  Ijyb (D:3)
  Crazy Yiuf (D:2)
  Jessica (D:3)
  3 iguanas
  An orc wizard (D:7)
  Robin (D:2)
  10 adders
  4 river rats
  A white imp (D:7)
  2 ufetubi (D:4)
  2 ribbon worms
  10 orcs
  5 endoplasms
  3 giant cockroaches
  16 goblins
  11 hobgoblins
  2 jackals (D:1)
  3 quokkas
  4 ball pythons
  4 bats
  3 frilled lizards
  13 kobolds
  5 rats
144 creatures vanquished.

Notes
Turn   | Place    | Note
-------+----------+-------------------------------------------
     0 | D:1      | Doomgape the Gnoll Fighter began the quest for the Orb.
     0 | D:1      | Reached XP level 1. HP: 23/23 MP: 1/1
   280 | D:1      | Reached XP level 2. HP: 27/29 MP: 2/2
   688 | D:2      | Reached XP level 3. HP: 33/35 MP: 2/4
   718 | D:2      | Found a radiant altar of Vehumet.
   765 | D:2      | Noticed Robin
   772 | D:2      | Reached skill level 1 in Invocations
   804 | D:2      | Killed Robin
   805 | D:2      | Reached skill level 1 in Short Blades
   805 | D:2      | Reached skill level 1 in Long Blades
   805 | D:2      | Reached skill level 1 in Axes
   805 | D:2      | Reached skill level 1 in Polearms
   805 | D:2      | Reached skill level 1 in Staves
   805 | D:2      | Reached skill level 1 in Ranged Weapons
   805 | D:2      | Reached skill level 1 in Throwing
   805 | D:2      | Reached skill level 1 in Dodging
   805 | D:2      | Reached skill level 1 in Stealth
   805 | D:2      | Reached skill level 1 in Unarmed Combat
   805 | D:2      | Reached skill level 1 in Spellcasting
   805 | D:2      | Reached skill level 1 in Evocations
   897 | D:2      | Reached skill level 1 in Shapeshifting
   897 | D:2      | Reached XP level 4. HP: 39/41 MP: 5/5
  1034 | D:2      | Found a runed translucent door.
  1035 | D:2      | Noticed Crazy Yiuf
  1043 | D:2      | Killed Crazy Yiuf
  1044 | D:2      | Reached skill level 1 in Conjurations
  1044 | D:2      | Reached skill level 1 in Hexes
  1044 | D:2      | Reached skill level 1 in Summonings
  1044 | D:2      | Reached skill level 1 in Necromancy
  1044 | D:2      | Reached skill level 1 in Translocations
  1044 | D:2      | Reached skill level 1 in Fire Magic
  1044 | D:2      | Reached skill level 1 in Ice Magic
  1044 | D:2      | Reached skill level 1 in Air Magic
  1044 | D:2      | Reached skill level 1 in Earth Magic
  1044 | D:2      | Reached skill level 1 in Alchemy
  1310 | D:2      | Reached XP level 5. HP: 44/47 MP: 7/7
  1347 | D:2      | Found a faded altar of an unknown god.
  1512 | D:3      | Noticed Jessica
  1515 | D:3      | Killed Jessica
  1700 | D:3      | Noticed Ijyb
  1713 | D:3      | Killed Ijyb
  1868 | D:3      | Found a basalt altar of Yredelemnul.
  1879 | D:3      | You fall into a shaft and drop 1 floor!
  1886 | D:4      | Found a broken altar of Ashenzari.
  1892 | D:4      | Reached XP level 6. HP: 48/53 MP: 8/8
  1909 | D:4      | Found a white marble altar of Elyvilon.
  1941 | D:4      | Identified the +3 leather armour of Puheaff {Will+}
  1969 | D:4      | Reached skill level 5 in Maces & Flails
  2105 | D:4      | Identified the +0 robe of Viaczev {Harm rC+ rCorr MP+9}
  2346 | D:5      | Entered Level 5 of the Dungeon
  2348 | D:5      | Noticed a water moccasin
  2350 | D:5      | Noticed a black bear
  2384 | D:4      | Killed a water moccasin
  2395 | D:4      | Killed a black bear
  2396 | D:4      | Reached XP level 7. HP: 15/60 MP: 10/10
  2785 | D:5      | Noticed a +0 hand axe
  2785 | D:5      | Noticed a +0 dagger
  2804 | D:5      | Found a hide-covered altar of Uskayaw.
  2968 | D:5      | Reached XP level 8. HP: 42/67 MP: 12/12
  3251 | D:3      | Found a blossoming altar of Fedhas.
  3790 | D:6      | Found Zin's Purification Station.
  3791 | D:6      | Found a glowing silver altar of Zin.
  3812 | D:6      | Bought a potion of curing for 90 gold pieces
  4108 | D:6      | Found a sparkling altar of Nemelex Xobeh.
  4147 | D:6      | Found a glowing drain.
  4184 | Sewer    | Entered a sewer
  4326 | Sewer    | Found a white marble altar of Elyvilon.
  5480 | D:7      | Found a transporter.
  5489 | D:7      | Found a staircase to the Ecumenical Temple.
  5513 | Temple   | Entered the Ecumenical Temple
  5556 | Temple   | Became a worshipper of Gozag Ym Sagoz the Greedy
  5598 | D:7      | Reached XP level 9. HP: 65/73 MP: 14/14
  5712 | D:7      | Found a transporter.
  5713 | D:7      | Noticed nitefall's ghost (novice MiFi)
  5728 | D:7      | Noticed Duvessa
  5729 | D:7      | Noticed Dowan
  5820 | D:7      | Killed Duvessa
  5929 | D:7      | Killed Dowan
  6223 | D:7      | Noticed Menkaure
  6233 | D:7      | Killed Menkaure
  6550 | D:8      | Noticed Prince Ribbit
  6651 | D:8      | Reached skill level 5 in Invocations
  6726 | D:8      | Killed Prince Ribbit
  7163 | D:7      | Slain by a wight

Illustrated notes

Levels and vault maps discovered:
D:1:      giann_bridges, layout_loops_ring, minmay_misc_feat_nine_boxes,
          minivault_4
D:2:      minmay_angry_zag, layout_rooms, chequers_ecumenical_altar_grove,
          basic_altar, st_stairs_14, dk_vineyard_1, uniq_crazy_yiuf_cottage,
          uniq_robin
D:3:      layout_loops_ring, old_standard_altar, overflow_temple_1_default,
          uniq_ijyb, uniq_jessica
D:4:      layout_rooms, jmf_multi_god_temple
D:5:      layout_basic, dancing_weapons_uskayaw
D:6:      layout_loops_ring, old_standard_altar, zin_purify,
          portal_sewer_entry_a, minivault_4
D:7:      layout_loops_ring, minmay_temple_entry_glassed_door,
          gammafunk_ghost_hive, uniq_menkaure, uniq_duvessa
D:8:      layout_rooms, nicolae_hepliaklqana_hippocampus, serial_shops,
          nicolae_shop_tiny_statue_garden, monkooky_shop_mail_order,
          uniq_prince_ribbit1
Temple:   dshaligram_water_room_temple

Skill      XL: |  1  2  3  4  5  6  7  8  9 |
---------------+----------------------------+-----
Invocations    | 1 2 3 4 5 |  5.4
Short Blades   | 1 2 3 4 |  4.9
Long Blades    | 1 2 3 4 |  4.9
Axes           | 1 2 3 4 |  4.9
Polearms       | 1 2 3 4 |  4.9
Staves         | 1 2 3 4 |  4.9
Ranged Weapons | 1 2 3 4 |  4.9
Throwing       | 1 2 3 4 |  4.9
Dodging        | 1 2 3 4 |  4.9
Stealth        | 1 2 3 4 |  4.9
Unarmed Combat | 1 2 3 4 |  4.9
Spellcasting   | 1 2 3 4 |  4.9
Evocations     | 1 2 3 4 |  4.9
Shapeshifting  | 1 2 3 4 |  4.5
Conjurations   | 1 2 3 4 |  4.1
Hexes          | 1 2 3 4 |  4.1
Summonings     | 1 2 3 4 |  4.1
Necromancy     | 1 2 3 4 |  4.1
Translocations | 1 2 3 4 |  4.1
Fire Magic     | 1 2 3 4 |  4.1
Ice Magic      | 1 2 3 4 |  4.1
Air Magic      | 1 2 3 4 |  4.1
Earth Magic    | 1 2 3 4 |  4.1
Alchemy        | 1 2 3 4 |  4.1
Maces & Flails | 5 6 |  6.8
Fighting       | 7 8 |  8.3
Armour         | 7 8 |  8.3
Shields        | 7 8 |  8.3

Action                     |  1- 3 |  4- 6 |  7- 9 || total
---------------------------+-------+-------+-------++-------
  Melee: Flail             |    60 |       |       ||    60
         Bite              |    11 |    10 |    47 ||    68
         Whip              |    49 |   169 |   387 ||   605
         Unarmed           |       |       |    12 ||    12
  Evoke: Wand              |       |       |     3 ||     3
    Use: Potion            |       |     4 |     1 ||     5
         Scroll            |       |       |    12 ||    12
   Stab: Distracted        |       |       |     1 ||     1
 Armour: Scale mail        |    55 |    46 |       ||   101
         Chain mail        |       |    68 |   211 ||   279
         Skin              |       |       |    10 ||    10
  Dodge: Dodged            |    58 |    71 |   129 ||   258
  Block: Buckler           |    47 |    57 |    71 ||   175
